 Dungeon Crawl Stone Soup version 0.28-a0-828-g0121872642 (webtiles) character file.

Game seed: 11254446532412915220

60 avis the Insei (level 4, -4/29 HPs)
             Began as an Octopode Transmuter on Nov 11, 2021.
             Slain by a gnoll (8 damage)
             ... on level 1 of the Dungeon.
             The game lasted 00:06:48 (1157 turns).

avis the Insei (Octopode Transmuter)                Turns: 1157, Time: 00:06:48

Health: -4/29      AC:  1    Str: 10    XL:     4   Next: 6%
Magic:  2/7        EV: 13    Int: 15    God:
Gold:   25         SH:  0    Dex: 12    Spells: 1/7 levels left

rFire   . . .      SeeInvis .     - Unarmed
rCold   . . .      Faith    .   (no shield)
rNeg    . . .      Spirit   .   (helmet restricted)
rPois   .          Reflect  .   (no amulet)
rElec   .          Harm     .   (no ring)
rCorr   .          Rampage  .   (no ring)
Will    .....                   (no ring)
Stlth   ++........              (no ring)
HPRegen 0.09/turn               (no ring)
MPRegen 0.10/turn               (no ring)
                                (no ring)
                                (no ring)

@: very slightly contaminated
A: almost no armour, amphibious, 8 rings, camouflage 1, gelatinous body 1,
(nimble swimmer 1), tentacles
a: no special abilities


You were on level 1 of the Dungeon.
You visited 1 branch of the dungeon, and saw 2 of its levels.

You collected 25 gold pieces.

Inventory:

Missiles
 a - 5 stones
 d - 18 sling bullets
Scrolls
 c - 2 scrolls of identify {unknown}
Potions
 b - 3 potions of curing {unknown}


   Skills:
 - Level 2.0 Fighting
 - Level 2.0 Dodging
 * Level 4.3 Unarmed Combat
 - Level 2.0 Spellcasting
 - Level 2.0 Transmutations
 - Level 1.0 Poison Magic


You had one spell level left.
You knew the following spells:

 Your Spells              Type           Power      Damage    Failure   Level
a - Beastly Appendage     Tmut           14%        N/A       10%         1
c - Passwall              Tmut/Erth      3%         N/A       22%         2
p - Spider Form           Tmut/Pois      6%         N/A       34%         3

Your spell library contained the following spells:

 Spells                   Type           Power      Damage    Failure   Level
 Animate Skeleton         Necr           2%         N/A       22%         1
 Apportation              Tloc           2%         N/A       22%         1
 Summon Small Mammal      Summ           4%         N/A       22%         1
 Wereblood                Tmut           7%         N/A       14%         2
 Swiftness                Air            1%         N/A       54%         3
 Ice Form                 Ice/Tmut       4%         N/A       82%         4


Dungeon Overview and Level Annotations

Branches:
Dungeon (2/15)

Altars:


Innate Abilities, Weirdness & Mutations

You cannot wear most types of armour.
You are amphibious.
You can wear up to eight rings at the same time.
Your skin changes colour to match your surroundings (Stealth+).
Your rubbery body absorbs attacks. (AC +1, EV +1)
((You are camouflaged near water. (Stealth+)))
You have tentacles for arms and can constrict up to eight enemies at once.


Message History

There is a stone staircase leading down here.
Casting: Spider Form (extremely dangerous; 34% risk of failure)
Confirm with . or Enter, or press ? or * to list all spells.
The spell is extremely dangerous to cast (34% risk of failure)!
Continue anyway?
You turn into a venomous arachnid creature.
You climb downwards.
The gnoll barely misses you. The gnoll misses you.
The gnoll hits you with a +0 club.
There is a stone staircase leading up here.
The gnoll barely misses you. The gnoll closely misses you.
You climb upwards.
There is a stone staircase leading down here.
You hit the gnoll.
The gnoll is poisoned.
The gnoll is heavily wounded.
Your transformation is almost over.
The gnoll barely misses you. The gnoll hits you with a +0 club!
You hit the gnoll but do no damage. The gnoll hits you with a +0 club.
The gnoll completely misses you.
You hit the gnoll but do no damage.
The gnoll is poisoned.
You bite the gnoll!
The gnoll looks as sick as possible!
The gnoll is heavily wounded.
The gnoll barely misses you. The gnoll hits you with a +0 club.
* * * LOW HITPOINT WARNING * * *
You bite the gnoll!
You kill the gnoll!
The gnoll hits you with a +0 club.
* * * LOW HITPOINT WARNING * * *
You have reached level 4!
The gnoll misses you.
Things that are here:
a +0 club; a gnoll corpse Your transformation has ended.
The gnoll looks more healthy.
Unknown command.
Casting: Spider Form (extremely dangerous; 34% risk of failure)
Confirm with . or Enter, or press ? or * to list all spells.
The spell is extremely dangerous to cast (34% risk of failure)!
Continue anyway?
You miscast Spider Form.
You are very lightly contaminated with residual magic.
Nothing appears to happen.
The gnoll hits you with a +0 club!
You die...

##################
#>)...............
#.#####....#######
#@# #......#
#g###......#######
#..........'......
#####......#######
#......# #......#
###....#### #####
#........# #...#
#........#


You could see a gnoll.

Vanquished Creatures
  A gnoll (D:1)
  An adder (D:2)
  A worm (D:2)
  A dart slug (D:2)
  7 endoplasms
  A giant cockroach (D:1)
  A goblin (D:1)
  A hobgoblin (D:1)
  10 jackals (D:1)
  3 ball pythons (D:1)
  2 bats (D:1)
  3 frilled lizards
  2 kobolds (D:1)
  A rat (D:2)
35 creatures vanquished.

Vanquished Creatures (others)
  A fungus (D:1)
1 creature vanquished.

Grand Total: 36 creatures vanquished

Notes
Turn   | Place    | Note
-------+----------+-------------------------------------------
     0 | D:1      | avis the Octopode Transmuter began the quest for the Orb.
     0 | D:1      | Reached XP level 1. HP: 13/13 MP: 3/3
   122 | D:1      | Reached XP level 2. HP: 16/18 MP: 3/5
   500 | D:1      | Reached skill level 4 in Unarmed Combat
   508 | D:1      | Found a faded altar of an unknown god.
   746 | D:1      | Reached XP level 3. HP: 22/23 MP: 4/6
   888 | D:1      | Learned a level 3 spell: Spider Form
   891 | D:1      | Learned a level 2 spell: Passwall
  1041 | D:2      | Reached skill level 1 in Poison Magic
  1144 | D:1      | Reached XP level 4. HP: 3/29 MP: 4/7
  1157 | D:1      | Slain by a gnoll

Illustrated notes

Levels and vault maps discovered:
D:1:      dpeg_arrival_tiny_a, layout_basic, shapermc_ecumenical_altar_acropolis
D:2:      layout_rooms, minmay_misc_feat_tiny

Skill      XL: |  1  2  3 |
---------------+----------+-----
Unarmed Combat | 4 |  4.3
Fighting       | 2 |  2.0
Poison Magic   | 1 |  1.0
Dodging        | |  2.0
Spellcasting   | |  2.0
Transmutations | |  2.0

Action                   |  1- 3 |  4- 6 || total
-------------------------+-------+-------++-------
Melee: Unarmed           |    64 |       ||    64
       Constrict         |    18 |       ||    18
       Kick              |    13 |       ||    13
       Tentacles         |     9 |       ||     9
       Punch             |     2 |       ||     2
 Cast: Beastly Appendage |    16 |       ||    16
       Spider Form       |     3 |       ||     3
 Stab: Sleeping          |     5 |       ||     5
Armor: Skin              |     3 |       ||     3
Dodge: Dodged            |    32 |     1 ||    33

Table legend: (Time is in decaauts)
 A = Elapsed time spent in this place.
 B = Non-inter-level travel time spent in this place.
 C = Inter-level travel time spent in this place.
 D = Time resting spent in this place.
 E = Time spent auto-exploring this place.
 F = Levels seen in this place.
 G = Mean time per level.
                   A        B        C        D        E       F      G
               +--------+--------+--------+--------+--------+-----+--------+
         Total |   1157 |   1033 |    124 |    208 |    519 |   2 |  578.5 |
       Dungeon |   1157 |   1033 |    124 |    208 |    519 |   2 |  578.5 |
               +--------+--------+--------+--------+--------+-----+--------+

Top non-repeatable levels by time:
     D:1: 1047 daAuts
     D:2: 110 daAuts
